 Dungeon Crawl Stone Soup version 0.17.0-7-gfadd4cc (webtiles) character file.

112 hannobal the Insei (level 4, -1/28 HPs)
             Began as an Octopode Transmuter on Nov 7, 2015.
             Slain by an orc
             ... wielding a +1 trident of flaming
              (5 damage)
             ... on level 3 of the Dungeon on Nov 8, 2015.
             The game lasted 00:07:44 (3081 turns).

hannobal the Insei (Octopode Transmuter)            Turns: 3081, Time: 00:07:45

Health: -1/28      AC:  1    Str:  9    XL:     4   Next: 95%
Magic:  7/7        EV:  7    Int: 15    God:
Gold:   133        SH:  0    Dex: 13    Spells: 2 memorised, 3 levels left

rFire  + . .     SeeInvis .       - Unarmed
rCold  + . .     Clarity  .     (no shield)
rNeg   . . .     SustAt   .     (helmet restricted)
rPois  .         Gourm    .     (no amulet)
rElec  .         Spirit   .     e - ring of protection from cold
rCorr  .         Warding  .     c - ring of protection from fire
rMut   .         Stasis   .     (no ring)
MR     .....                    (no ring)
Stlth  +++.......               (no ring)
                                (no ring)
                                (no ring)
                                (no ring)

@: not resistant to hostile enchantments, fairly stealthy
A: almost no armour, amphibious, 8 rings, constrict 8, camouflage 1, gelatinous
body 1
a: no special abilities


You were on level 3 of the Dungeon.
You were not hungry.

You visited 1 branch of the dungeon, and saw 3 of its levels.

You collected 133 gold pieces.

Inventory:

Missiles
 a - 38 arrows
 d - 25 bolts
 f - 5 stones (quivered)
Jewellery
 c - a ring of protection from fire (right tentacle)
 e - a ring of protection from cold (left tentacle)
 l - an uncursed ring of fire
Scrolls
 g - a scroll of remove curse
 h - a scroll of magic mapping
 k - a scroll of teleportation {unknown}
 n - a scroll of amnesia
 o - 2 scrolls of identify
Books
 b - a book of Changes

   Spells                             Type                      Level
   a - Beastly Appendage              Transmutation                1
   b - Sticks to Snakes               Transmutation                2
   c - Spider Form                    Transmutation/Poison         3
   d - Ice Form                       Ice/Transmutation            4
   e - Blade Hands                    Transmutation                5
Comestibles
 i - a bread ration
 j - a royal jelly


   Skills:
 - Level 1.0 Fighting
 - Level 2.0 Dodging
 + Level 2.6 Stealth
 - Level 5.0 Unarmed Combat
 - Level 2.0 Spellcasting
 - Level 2.0 Transmutations


You had 3 spell levels left.
You knew the following spells:

 Your Spells              Type           Power        Failure   Level  Hunger
a - Beastly Appendage     Trmt           #.....       12%         1    #......
b - Spider Form           Trmt/Pois      #.........   43%         3    ###....


Dungeon Overview and Level Annotations

Branches:
Dungeon (3/15)

Altars:
Sif Muna


Innate Abilities, Weirdness & Mutations

You cannot wear most types of armour.
You are amphibious.
You can wear up to eight rings at the same time.
You can use your tentacles to constrict eight enemies at once.
Your skin changes colour to match your surroundings (Stealth).
Your rubbery body absorbs attacks (AC +1).


Message History

The orc is lightly wounded.
You constrict the orc.
The orc hits you with an enchanted dagger.
The orc hits you from afar with a trident of flaming!
* * * LOW HITPOINT WARNING * * *
The orc burns you.
* * * LOW HITPOINT WARNING * * *
You release your grip on the orc.
Found 7 gold pieces.
You tentacle-slap the orc. Your grab misses the orc.
The orc is heavily wounded.
The orc barely misses you.
The orc hits you from afar with a trident of flaming.
* * * LOW HITPOINT WARNING * * *
The orc barely misses you. The orc closely misses you.
There is a stone staircase leading up here.
The orc closely misses you.
The orc hits you from afar with a trident of flaming.
You die...

.##############
..........$....
#.####.###
#......o.##
#.###)#o..#####
#o#@.......
#.###.##### #..
.# ### .# #


You could see 2 orcs.

Vanquished Creatures
  An orc wizard (D:3)
  3 adders (D:2)
  2 worms (D:2)
  7 bats
  A giant cockroach (D:1)
  3 goblins
  7 hobgoblins
  4 jackals
  6 kobolds
  A quokka (D:2)
  5 giant newts
  10 rats
50 creatures vanquished.

Notes
Turn   | Place    | Note
--------------------------------------------------------------
     0 | D:1      | hannobal the Octopode Transmuter began the quest for the Orb.
     0 | D:1      | Reached XP level 1. HP: 13/13 MP: 3/3
   502 | D:1      | Reached XP level 2. HP: 18/18 MP: 5/5
   941 | D:1      | Reached skill level 4 in Unarmed Combat
  1625 | D:2      | Reached XP level 3. HP: 23/23 MP: 6/6
  1630 | D:2      | Learned a level 3 spell: Spider Form
  1630 | D:2      | Upgraded the game from 0.17.0-1-g61d176b to 0.17.0-7-gfadd4cc
  2486 | D:2      | Reached XP level 4. HP: 20/28 MP: 7/7
  2750 | D:2      | Reached skill level 5 in Unarmed Combat
  2917 | D:2      | Found a deep blue altar of Sif Muna.
  3081 | D:3      | Slain by an orc

Action                   |  1- 3 |  4- 6 || total
-------------------------+-------+-------++-------
Melee: Unarmed           |    91 |    31 ||   122
Throw: Stone             |     1 |       ||     1
  Use: Scroll            |     4 |     1 ||     5
       Potion            |     1 |     2 ||     3
 Stab: Sleeping          |     8 |     1 ||     9
  Eat: Chunk             |     4 |       ||     4
       Bread ration      |     1 |       ||     1
